[Event "3rd VIZAG GM-Open 2022"]
[Site "Visakapatnam"]
[Date "2022.06.16"]
[Round "9.7"]
[White "Aaryan Varshney"]
[Black "Nikitenko, Mihail"]
[Result "1/2-1/2"]
[ECO "D45"]
[WhiteElo "2308"]
[BlackElo "2479"]
[Annotator "TA"]
[PlyCount "118"]
[EventDate "2022.06.13"]
[EventType "swiss"]
[EventCountry "IND"]
[SourceTitle "playchess.com"]
[Source "ChessBase"]
[SourceQuality "1"]
[TimeControl "5400+30"]

1. d4 Nf6 2. c4 e6 3. Nf3 d5 4. Nc3 c6 5. e3 Nbd7 6. Be2 Bd6 7. O-O b6 8. b3 Bb7 9. Bb2 Qe7 10. Qc2 O-O 11. Rad1 Rad8 12. Rfe1 Rfe8 13. Bf1 {[%emt 0:00:47] D45: Semi-Slav: 5 e3.} c5 14. cxd5 exd5 15. dxc5 Nxc5 16. Nb5 Bb8 17. Nbd4 Nce4 18. h3 Rc8 19. Qd3 {[%emt 0:00:13] [#]} g6 $146 ({Predecessor:} 19... Qd7 20. Qb5 Qd8 21. Rc1 a6 22. Rxc8 Bxc8 23. Qd3 Nc5 24. Qc2 Qd6 25. Nf5 Qe6 {1-0 (70) Mahalakshmi,M (2185)-Fataliyeva,U (2318) Moscow 2019}) 20. Rc1 a6 21. Rxc8 Rxc8 22. Rc1 (22. Ne2 {looks sharper.} Bd6 23. Rc1 Rxc1 24. Nxc1 Bc5 25. Qe2) 22... Rxc1 23. Bxc1 Bd6 24. Qc2 b5 25. Bb2 b4 26. Nc6 Qe8 27. Na5 Bc8 28. Qc6 (28. Bd4 $16) 28... Qxc6 $11 29. Nxc6 Ne8 (29... Nd7 $11 {keeps the balance.}) 30. Nfe5 Nc3 31. a4 $1 Na2 32. Nd3 {[%emt 0:03:13] White is more active.} Bb7 33. Nce5 ({White should try} 33. Nd8 $16 Ba8 34. Ne5) 33... Nc3 34. Nf3 Nf6 35. Bxc3 bxc3 36. Nd4 Ne4 37. b4 Nd2 38. b5 Nc4 39. Be2 (39. bxa6 $14 Bxa6 40. Nc1) 39... Kf8 40. Kf1 Nb2 {[%emt 0:10:26] The position is equal.} 41. bxa6 Bxa6 42. Nc1 {[%emt 0:00:26] Pair of Knights!} Bxe2+ 43. Kxe2 {[%emt 0:00:18] And now a5 would win.} Nxa4 {[%emt 0:00:04][%mdl 4096] Endgame KBN-KNN} 44. Kd3 h5 45. Nce2 Nc5+ 46. Kc2 Ne4 47. f3 Nf6 48. Nxc3 Bc5 49. Kd3 Ke7 50. e4 dxe4+ 51. Nxe4 Bxd4 52. Kxd4 {[%emt 0:00:05] KN-KN} Nd7 53. h4 Ke6 54. g4 hxg4 55. fxg4 f5 56. gxf5+ Kxf5 57. h5 gxh5 {[%emt 0:00:00] [#] Strongly threatening ...Kf4.} 58. Ng3+ Kg6 59. Nxh5 Kxh5 {[%emt 0:00:00] Weighted Error Value: White=0.10 (very precise) /Black=0.11 (very precise)} 1/2-1/2

[Event "3rd VIZAG GM-Open 2022"]
[Site "Visakapatnam"]
[Date "2022.06.16"]
[Round "9.8"]
[White "Nigmatov, Ortik"]
[Black "Bharat Kumar Reddy Poluri"]
[Result "1-0"]
[ECO "C18"]
[WhiteElo "2463"]
[BlackElo "2224"]
[Annotator "TA"]
[PlyCount "85"]
[EventDate "2022.06.13"]
[EventType "swiss"]
[EventCountry "IND"]
[SourceTitle "playchess.com"]
[Source "ChessBase"]
[SourceQuality "1"]
[TimeControl "5400+30"]

1. e4 e6 2. d4 d5 3. Nc3 Bb4 4. e5 c5 5. a3 Bxc3+ 6. bxc3 Ne7 7. Qg4 cxd4 8. Qxg7 Rg8 9. Qxh7 Qc7 10. Qd3 dxc3 11. f4 Bd7 12. Ne2 Nbc6 13. g3 {[%emt 0:09:15] C18: French: 3 Nc3 Bb4: Main line: 7 h4 and 7 Qg4.} (13. Qxc3 $14 Nf5 14. h4) 13... d4 $11 14. Bg2 O-O-O 15. O-O {[%emt 0:00:13] The position is equal.} ({Of course not} 15. Nxd4 Nxd4 16. Qxd4 Bc6 $15) 15... Be8 ({Black should play} 15... Kb8 $11) 16. Rb1 $14 Nf5 17. Be4 {[%emt 0:22:04] [#]} Na5 $146 {[%emt 0:00:37] Black is on the road to losing.} (17... f6 $14) ({Predecessor:} 17... Nce7 18. Bxb7+ Qxb7 19. Rxb7 Kxb7 20. a4 Bc6 21. Ba3 Nd5 22. Rb1+ Ka8 23. Qa6 Rc8 {1-0 (30) Gomez Cusnir,V-Montero,C ICC INT 2009}) 18. Bxf5 $18 exf5 19. Nxd4 Nc6 {[%emt 0:03:00] [#]} (19... Kb8 $16 20. Be3 Qc4) 20. Nb5 $1 (20. Qxf5+ Bd7 21. e6 Nxd4 22. exd7+ Rxd7 $11) 20... Rxd3 21. Nxc7 Rd7 22. Nb5 Nd4 23. Nd6+ (23. Nxa7+ Kb8 $14) 23... Kb8 24. Rf2 Rxd6 25. exd6 Bc6 (25... Nb5 $142 26. Re2 Nxd6) 26. Be3 Nf3+ {[%emt 0:00:00] [#]} 27. Rxf3 $1 Bxf3 {[%emt 0:00:00][%mdl 4096] Endgame KRB-KRB} 28. Rb3 Rc8 (28... Kc8 $142 29. Rxc3+ (29. Bxa7 Kd7 $16) 29... Kd7 30. Bxa7 Be4) 29. Bd4 {[%emt 0:07:22] Black must now prevent Be5.} Rc4 30. Rxc3 Rxc3 31. Bxc3 {[%emt 0:01:24] KB-KB} Kc8 32. Bf6 Kd7 {[%emt 0:00:00] [#]} 33. Be7 Bd1 34. c3 Kc6 35. Kg2 {[%emt 0:00:44] Threatens to win with Kh3.} f6 $2 (35... Bg4 36. Kf1 Kd7) 36. Kh3 Kd7 37. Bxf6 Kxd6 38. Kh4 Ke6 39. Kg5 Bg4 40. h4 {[%emt 0:00:33][%cal Bh2h4,Bh4h5][%mdl 32] aiming for Bd4.} Kf7 41. Bd4 {[%emt 0:01:05] White wants to mate with h5.} a6 42. h5 Kg8 43. Kg6 {[%emt 0:00:08] Weighted Error Value: White=0.13 (very precise) /Black=0.58} 1-0

[Event "3rd VIZAG GM-Open 2022"]
[Site "Visakapatnam"]
[Date "2022.06.16"]
[Round "9.9"]
[White "Baghdasaryan, Vahe"]
[Black "Neelotpal, Das"]
[Result "1/2-1/2"]
[ECO "C54"]
[WhiteElo "2267"]
[BlackElo "2431"]
[Annotator "TA"]
[PlyCount "73"]
[EventDate "2022.06.13"]
[EventType "swiss"]
[EventCountry "IND"]
[SourceTitle "playchess.com"]
[Source "ChessBase"]
[SourceQuality "1"]
[TimeControl "5400+30"]

1. e4 e5 2. Nf3 Nc6 3. Bc4 Nf6 4. d3 Bc5 5. O-O O-O 6. c3 d5 7. exd5 Nxd5 8. Re1 Nb6 {[%emt 0:00:27] C54: Giuoco Piano: 4 c3 Nf6, main lines with 5 d4 and 5 d3.} 9. b4 Bd6 10. Bb3 Bg4 {[%emt 0:05:27] White is slightly better.} 11. Nbd2 Kh8 12. h3 Bh5 13. Ne4 f6 14. a4 a6 {[%emt 0:03:42] [#]} 15. a5 $146 ({Predecessor:} 15. Ng3 Bf7 16. Bxf7 Rxf7 17. Qb3 Qg8 18. a5 Nd7 19. Nf5 Rff8 20. Qc2 Rfe8 21. Bd2 {½-½ (77) Vocaturo,D (2500)-Godena,M (2537) Sarre 2009}) 15... Nc8 16. Ng3 Bf7 17. Bxf7 Rxf7 18. d4 Rd7 19. dxe5 Bxe5 20. Qb3 Nd6 21. Ra2 Qg8 {[%emt 0:08:15] The position is equal.} 22. Qxg8+ Kxg8 23. Nxe5 Nxe5 24. Rd1 Rad8 25. Bf4 Ndc4 {[%emt 0:02:54] Pair of Knights!} 26. Rxd7 Rxd7 27. Bxe5 Nxe5 $11 {[%emt 0:00:04][%mdl 4096] Endgame KRN-KRN} 28. Ne4 Rd1+ 29. Kh2 Nd7 30. Rb2 c6 31. g4 Kf7 32. f4 Rd3 33. f5 g6 34. Rd2 Rxd2+ 35. Nxd2 gxf5 36. gxf5 c5 37. Ne4 {[%emt 0:00:23] Weighted Error Value: White=0.08 (flawless) /Black=0.07 (flawless)} 1/2-1/2

[Event "3rd VIZAG GM-Open 2022"]
[Site "Visakapatnam"]
[Date "2022.06.16"]
[Round "9.10"]
[White "Nitin, S.."]
[Black "Ilamparthi A R"]
[Result "1-0"]
[ECO "B43"]
[WhiteElo "2399"]
[BlackElo "2121"]
[Annotator "TA"]
[PlyCount "97"]
[EventDate "2022.06.13"]
[EventType "swiss"]
[EventCountry "IND"]
[SourceTitle "playchess.com"]
[Source "ChessBase"]
[SourceQuality "1"]
[TimeControl "5400+30"]

1. e4 c5 2. Nf3 e6 3. d4 cxd4 4. Nxd4 a6 5. Nc3 b5 6. Bd3 Bb7 7. O-O Nc6 8. Nxc6 Bxc6 9. Qe2 {[%emt 0:07:07] B43: Sicilian: Kan Variation: 5 Nc3.} d6 (9... Bd6 $11) 10. a4 $16 b4 {[%emt 0:02:18] [#]} 11. Nd5 {[%emt 0:00:35][%mdl 512] White is clearly better.} a5 12. Bb5 Rc8 13. Bg5 {[%emt 0:18:46] [#]} f6 $146 {[%emt 0:07:50] [#]} (13... Qxg5 $2 14. Bxc6+ Rxc6 15. Qb5 $18) ({Predecessor:} 13... Nf6 14. Bxf6 gxf6 15. Bxc6+ Rxc6 16. Qb5 Qc8 17. c3 b3 18. Nxf6+ Ke7 19. Qg5 h6 20. Qh4 Rc5 21. Rad1 Qc6 22. e5 {1-0 (22) Stets,D (2416)-Aydin,H (1944) Istanbul 2016}) 14. Bd2 {[%emt 0:09:06] White is much more active. The black rooks are badly placed.} Bxb5 (14... Ne7 15. Qh5+) 15. Qxb5+ Kf7 {[%emt 0:00:05] [#]} 16. Ne3 (16. Nb6 $142 $1 Rc5 17. Qa6) 16... Rc5 17. Qd3 (17. Qa6 {seems wilder.} Ne7 18. c3 bxc3 19. Bxc3 Nc6 20. f4) 17... Ne7 18. c3 bxc3 19. Bxc3 Nc6 {[%emt 0:06:16] [#] Against b4} 20. Rad1 (20. f4 $1 $16) 20... Be7 $14 21. f4 Qb8 22. f5 {[%emt 0:00:48] aiming for fxe6+.} e5 23. Nd5 Rd8 (23... Qa7 $142 24. Kh1 Rb8) 24. Qf3 (24. Rf3 $16) 24... Kg8 25. Rd3 (25. Be1 $16) 25... Qb7 (25... Qa7 $14 26. Kh1 Bf8) 26. Qg4 {[%emt 0:02:59] Rg3 is the strong threat.} Rc8 27. Qh5 ({White should play} 27. Rg3 $18 Bd8 28. Bd2 Rxd5 29. exd5) 27... Nb4 28. Bxb4 axb4 29. Qd1 (29. Rh3 h6 $16) (29. b3 $18) 29... Bf8 (29... Bd8 $16 {was worth a try.}) 30. Qb3 {[%emt 0:02:17] Intending Nxf6+ and mate.} Kh8 31. h3 ({Resist} 31. Qxb4 Qa7 32. Kh1 Rb8 $16) 31... Rc4 32. Re3 $40 {[%emt 0:01:04][%mdl 128] White has strong attack.} Rd4 (32... Be7 $16) 33. Kh2 Rcc4 $2 {[%emt 0:00:42] A mistake that costs the game.} (33... Qa7 $16 34. Rd1 Rdc4) 34. Rd1 $18 {[%emt 0:01:18] Threatens to win with Rxd4.} Rxe4 35. Rxe4 Rxe4 36. Qc2 {[%emt 0:00:07] Against Re2} Rh4 37. b3 Qa8 (37... h5 {might work better.} 38. Qc7 Qxc7 39. Nxc7 Rd4 40. Rxd4 exd4) 38. g4 Qb7 39. Kg3 Rh6 (39... g5 $142 40. fxg6 Rh6 41. gxh7 Qxh7 42. Qxh7+ Rxh7) 40. Qc7 Qa8 41. Qf7 g6 42. Rc1 gxf5 43. gxf5 Rh5 44. Qxf6+ Bg7 45. Qe6 Rg5+ 46. Kh2 (46. Kh4 $142 Bh6 47. Rc8+ Qxc8 48. Qxc8+ Rg8 49. Qe6 Bf4 50. f6 Bg5+ 51. Kh5) 46... Qg8 47. Rc8 {[%emt 0:00:55][%csl Ge6][%cal Rc8g8] White mates.} Bf8 48. Qf6+ Rg7 49. Rxf8 {[%emt 0:00:12] Weighted Error Value: White=0.18 (very precise) /Black=0.63} 1-0

[Event "3rd VIZAG GM-Open 2022"]
[Site "Visakapatnam"]
[Date "2022.06.16"]
[Round "9.11"]
[White "Jubin Jimmy"]
[Black "Laxman, R.R."]
[Result "1/2-1/2"]
[ECO "E32"]
[WhiteElo "2259"]
[BlackElo "2420"]
[Annotator "TA"]
[PlyCount "60"]
[EventDate "2022.06.13"]
[EventType "swiss"]
[EventCountry "IND"]
[SourceTitle "playchess.com"]
[Source "ChessBase"]
[SourceQuality "1"]
[TimeControl "5400+30"]

1. d4 Nf6 2. c4 e6 3. Nc3 Bb4 4. Qc2 b6 5. a3 Bxc3+ 6. Qxc3 Bb7 7. Bg5 h6 8. Bh4 g5 $1 {[%emt 0:00:10] 8...g5 scores better than 8...d6. E32: Nimzo-Indian: Classical (4 Qc2): 4...0-0.} 9. Bg3 Ne4 10. Qc2 d6 {[%emt 0:00:19] The position is equal. 10...c5 is vanishing.} 11. e3 Nd7 12. f3 Nxg3 13. hxg3 f5 14. Bd3 Qf6 15. Ne2 O-O-O 16. O-O-O h5 17. Nc3 {[%emt 0:02:23] [#]} Kb8 $146 ({Predecessor:} 17... f4 18. gxf4 gxf4 19. Be4 Ba6 20. Qa4 Nb8 21. exf4 Qxf4+ 22. Kb1 Rdg8 23. Rc1 Rxg2 24. Rxh5 {½-½ (34) Chovan,M (2269)-Deac,B (2579) Pardubice 2017}) 18. Kb1 g4 19. Qf2 Rdg8 20. Ne2 gxf3 21. gxf3 e5 22. Bc2 Qf7 23. Rh4 Rf8 24. Nc3 ({Better is} 24. d5 $11) 24... Qe8 (24... exd4 $15 25. exd4 Qxc4) 25. Ne2 Qf7 26. Nc3 (26. d5 $11) 26... Qg8 ({Black should play} 26... exd4 $1 $15 27. exd4 Qxc4) 27. d5 Qg5 28. f4 Qg6 29. Rdh1 e4 30. Ne2 Rfg8 {[%emt 0:00:54] Weighted Error Value: White=0.15 (very precise) /Black=0.15 (very precise)} 1/2-1/2

[Event "3rd VIZAG GM-Open 2022"]
[Site "Visakapatnam"]
[Date "2022.06.16"]
[Round "9.12"]
[White "Ajay Santhosh Parvathareddy"]
[Black "Abdurakhmonov, Mukhammadali"]
[Result "0-1"]
[ECO "A47"]
[WhiteElo "1563"]
[BlackElo "2308"]
[Annotator "TA"]
[PlyCount "124"]
[EventDate "2022.06.13"]
[EventType "swiss"]
[EventCountry "IND"]
[SourceTitle "playchess.com"]
[Source "ChessBase"]
[SourceQuality "1"]
[TimeControl "5400+30"]

1. d4 Nf6 2. Nf3 e6 3. e3 b6 4. Bd3 Bb7 5. Nbd2 c5 6. O-O Be7 7. c3 Ba6 {[%emt 0:03:19] A47: 1 d4 Nf6 2 Nf3 b6: Torre, London and Colle Systems.} 8. Bxa6 Nxa6 9. e4 cxd4 {[%emt 0:01:10] White is slightly better.} 10. cxd4 O-O 11. e5 Nd5 12. Ne4 h6 {[%emt 0:00:54] [#]} 13. Ne1 $146 ({Predecessor:} 13. Bd2 Nac7 14. Rc1 d6 15. Qa4 dxe5 16. dxe5 Qe8 17. Qb3 Na6 18. Qc4 Nc5 19. Nxc5 Bxc5 20. b4 {0-1 (49) Baciu,D (2127)-Ziaziulkina,N (2293) Chotowa 2010}) 13... Nab4 14. Nd3 Nxd3 15. Qxd3 Rc8 16. a3 ({White should play} 16. Bd2 $11) 16... Qc7 $1 $15 17. Qg3 Kh8 18. Qh3 Qc2 $1 19. f3 {[%emt 0:12:06] White does not recover from this.} (19. Qg4 $17) 19... Qd3 $19 20. Qh5 Kh7 21. Nf2 Qxd4 22. Rd1 Qh4 ({Black should try} 22... Qa4 $19 {...Bc5 is the strong threat.} 23. b4 Rxc1 $1 24. Rdxc1 Nf4) 23. Qxh4 $17 Bxh4 24. Nd3 Rc2 {[%emt 0:14:02] Black is more active.} 25. Nb4 {[%emt 0:01:54] [#]} (25. Bd2 $17) 25... Nxb4 $1 $19 26. axb4 Rfc8 27. g3 Be7 28. Bd2 Rxb2 {[%emt 0:04:32] Hoping for ...Rcc2.} 29. Rxa7 Rcc2 (29... Bxb4 30. Bxb4 Rxb4 31. Rd2 $17) 30. Rxd7 Bxb4 31. Bxb4 Rxb4 32. R1d2 Rxd2 33. Rxd2 {[%emt 0:00:15][%mdl 4096] Endgame KR-KR} g5 34. g4 (34. Kf2 $142) 34... Kg6 35. Kf2 b5 36. h3 (36. Ke3 $142) 36... Rb3 37. Rd8 Rc3 38. Rd4 Rc5 39. Re4 Kg7 40. Ke3 Rc3+ 41. Ke2 Kf8 42. Rb4 Rc5 43. Re4 (43. f4 {was necessary.}) 43... Ke7 44. Kd3 Kd7 45. f4 Kc6 {[%emt 0:01:37][%cal Oc5c4] aiming for ...Rc4!} 46. fxg5 (46. f5 {is a better defense.}) 46... hxg5 47. Re2 Kd5 48. Rf2 Rc7 ({Inferior is} 48... b4 49. Rxf7 Rc3+ 50. Kd2 $17) 49. Rb2 Rb7 50. Re2 Ra7 {[%emt 0:00:05] ( -> ...Ra3+)} 51. Rb2 Ra3+ 52. Ke2 Ra5 53. Rc2 Kxe5 {[%emt 0:00:08] White must now prevent ...b4.} 54. Rc7 f5 55. h4 gxh4 56. g5 Ra2+ 57. Kf1 h3 {[%emt 0:00:21] Black mates.} 58. Kg1 Rg2+ 59. Kh1 Rxg5 60. Rc5+ Kf4 61. Rxb5 e5 62. Kh2 e4 {[%emt 0:00:08] Weighted Error Value: White=0.51/Black=0.15 (very precise)} 0-1

[Event "3rd VIZAG GM-Open 2022"]
[Site "Visakapatnam"]
[Date "2022.06.16"]
[Round "9.13"]
[White "Azaladze, Shota"]
[Black "Velpula Sarayu"]
[Result "1-0"]
[ECO "E65"]
[WhiteElo "2420"]
[BlackElo "1845"]
[Annotator "TA"]
[PlyCount "93"]
[EventDate "2022.06.13"]
[EventType "swiss"]
[EventCountry "IND"]
[SourceTitle "playchess.com"]
[Source "ChessBase"]
[SourceQuality "1"]
[TimeControl "5400+30"]

1. Nf3 Nf6 2. g3 g6 3. Bg2 Bg7 4. O-O O-O 5. d4 d6 6. c4 c5 7. Nc3 Nc6 8. dxc5 dxc5 9. Be3 Qa5 10. Qa4 Qxa4 11. Nxa4 b6 12. Rad1 Bd7 {[%emt 0:00:30] E65: King's Indian: Fianchetto: 6...c5 7 0-0 without d5 by White.} 13. Nc3 Rad8 14. Bf4 {[%emt 0:00:30] [#]} Rc8 $146 {[%emt 0:00:30] The position is equal.} ({Predecessor:} 14... Bc8 15. Ne5 Na5 16. Nc6 Nxc6 17. Bxc6 Be6 18. b3 Nh5 19. Nd5 Bxd5 20. Bxd5 Nxf4 21. gxf4 {½-½ (40) Grabarczyk,M (2445)-Kryvoruchko,Y (2676) Warsaw 2012}) 15. Ne5 Nxe5 16. Bxe5 Bc6 17. Rd3 Bxg2 18. Kxg2 Rfd8 19. Rfd1 $1 Rxd3 20. Rxd3 Ne8 {[%emt 0:00:30] [#]} 21. Nd5 $1 Bf8 22. Ra3 {[%emt 0:00:30] 0x0.000bd6ecb885dp-1022s more active pieces.} e6 23. Nf6+ Nxf6 24. Bxf6 $11 {[%emt 0:00:30][%mdl 4096] Endgame KRB-KRB} Rc7 25. Rd3 {[%emt 0:00:30] [#] Strongly threatening Rd8.} Be7 {[%emt 0:00:30] Inhibits Rd8+.} 26. Bxe7 Rxe7 {[%emt 0:00:30] KR-KR} 27. Rd8+ Kg7 28. g4 h6 29. b3 f5 30. Kg3 Kf6 31. h4 e5 32. e3 Rc7 $2 {[%emt 0:00:30][%mdl 8192] Loses the game.} ({Black should play} 32... fxg4 $14 33. Kxg4 h5+ 34. Kg3 Rf7) 33. Rd6+ $18 Kg7 34. h5 gxh5 35. gxf5 Kh7 36. Re6 Rg7+ 37. Kh3 Rf7 $2 (37... a5 38. Rxb6 Rd7) 38. e4 {[%emt 0:00:30][%cal Be3e4,Be4e5][%mdl 32] White is clearly winning.} Kg7 39. Rxe5 Kf6 40. f4 Rd7 41. Re6+ Kg7 42. f6+ Kg6 43. e5 Rd3+ 44. Kg2 {[%emt 0:00:30] Hoping for Re8.} Rd2+ 45. Kg3 Rd3+ 46. Kf2 h4 47. Re7 {[%emt 0:00:30] Weighted Error Value: White=0.09 (flawless) /Black=0.46} (47. f5+ $142 Kxf5 48. f7 Kxe6 49. f8=Q Kxe5 50. Qe7+ Kf4 51. Qf6+ Ke4 52. Qxh4+ Kf5 53. Qh5+ Ke4 54. Qg6+ Kd4 55. Qg7+ Ke4 56. Qg6+ Kd4 57. Ke2 Re3+ 58. Kd2) 1-0

[Event "3rd VIZAG GM-Open 2022"]
[Site "Visakapatnam"]
[Date "2022.06.16"]
[Round "9.14"]
[White "Vrashank Chouhan"]
[Black "Hossain, Enamul"]
[Result "0-1"]
[ECO "D02"]
[WhiteElo "2080"]
[BlackElo "2413"]
[Annotator "TA"]
[PlyCount "100"]
[EventDate "2022.06.13"]
[EventType "swiss"]
[EventCountry "IND"]
[SourceTitle "playchess.com"]
[Source "ChessBase"]
[SourceQuality "1"]
[TimeControl "5400+30"]

1. d4 Nf6 2. Bf4 d5 3. e3 c5 4. Nf3 Nc6 5. Nbd2 Qb6 6. dxc5 {[%emt 0:00:30] D02: 1 d4 d5 2 Nf3 sidelines, including 2...Nf6 3 g3 and 2...Nf6 3 Bf4.} Qxb2 7. Rb1 Qc3 8. Bb5 {[%emt 0:00:30] The position is equal.} e6 {[%emt 0:00:30] 8...g6 injects fresh life into this line.} 9. O-O Be7 10. e4 {[%emt 0:00:30] Threatens to win with exd5.} O-O 11. e5 Nd7 {[%emt 0:00:30] [#]} 12. Re1 $146 ({Predecessor:} 12. Nb3 Qb4 13. Nbd4 Qxc5 14. c3 Qxc3 15. Rb3 Qc5 16. Be3 Nxd4 17. Bxd4 Qc7 18. Bd3 {0-1 (41) Aronian,L (2782)-Ding,L (2799) Chess.com INT 2021}) 12... Nxc5 (12... Bxc5 13. Nb3 Qb4 14. c4 $14) 13. Nb3 {[%emt 0:00:30] Inhibits Qa5.} Nxb3 14. Rxb3 Qa5 15. Bd3 $1 g6 (15... Qxa2 $6 16. c3 $17) 16. Ng5 {[%emt 0:00:30][%cal Og5h7] Hoping for Nxh7!} h6 (16... Qxa2 17. Nxh7 $1 Re8 18. Ng5 $18 (18. Nf6+ Bxf6 19. exf6 e5 $16)) 17. Nf3 Kg7 18. h4 Rh8 19. h5 g5 20. Bd2 Qd8 ({Black should try} 20... Qxa2 $15 21. Nh2 b6) 21. Nh2 $11 Nd4 22. Rb1 b6 23. Ng4 Bd7 24. Bc3 {[%emt 0:00:30][%mdl 1024] White has compensation.} Nc6 25. Qf3 Rc8 26. Qg3 a5 (26... Na5 $11 27. Ba6 Rc5) 27. a3 (27. Rf1 $5 ) 27... Bxa3 28. Nf6 {[%emt 0:00:30] And now f4 would win.} Bc5 $1 29. Nxd5 $2 exd5 $17 30. e6+ d4 31. exd7 Qxd7 ({But not} 31... dxc3 $6 32. dxc8=N Qxc8 33. Bc4 $11) 32. Bd2 {[%emt 0:00:30] [#]} Qc7 33. Qh3 (33. f4 $17 {might work better.} Bb4 34. Qf2 Bxd2 35. Qxd2 Qxf4 36. Qxf4 gxf4 37. Rxb6) 33... Ne5 $2 (33... Bb4 $19 34. Rbd1 Bxd2 35. Rxd2 Rhe8) 34. Qf5 ({White should play} 34. f4 $15 g4 35. Qh4 (35. Qg3 Nxd3 36. Qxg4+ Kf8 $17) 35... Nxd3 36. Qxg4+ Kf8 37. cxd3) 34... Nxd3 35. cxd3 {[%emt 0:00:30] [#]} Rce8 $1 36. Bxg5 $2 (36. f4 {is tougher.} Qc8 37. Qd5) 36... Rxe1+ $19 {[%emt 0:00:30] Black is clearly winning.} ({Don't go for} 36... hxg5 $2 37. Qxg5+ Kf8 38. Rxe8+ Kxe8 39. Qg7 $19) 37. Rxe1 {[%emt 0:00:30] White threatens Qf6+ and mate.} hxg5 38. Qxg5+ Kf8 {[%emt 0:00:30] White must now prevent ...Be7.} 39. h6 Rh7 {[%emt 0:00:30] Inhibits Qg7+.} 40. Qf6 Qd6 41. Qf5 Rxh6 42. Qc8+ Kg7 {[%emt 0:00:30] ( -> ...Qh2+)} 43. Re8 Qh2+ 44. Kf1 Qh1+ 45. Ke2 Re6+ 46. Rxe6 fxe6 47. Qd7+ Kf6 {[%emt 0:00:30] aiming for ...Qh5+.} 48. Qd8+ Kf7 {[%emt 0:00:30] Strongly threatening ...Qh5+.} 49. Qd7+ Be7 50. Qxd4 Qxg2 {[%emt 0:00:30] Weighted Error Value: White=0.47/Black=0.15 (very precise)} 0-1

[Event "3rd VIZAG GM-Open 2022"]
[Site "Visakapatnam"]
[Date "2022.06.16"]
[Round "9.15"]
[White "Nguyen, Van Huy"]
[Black "Krishnan Ritvik"]
[Result "1-0"]
[ECO "E57"]
[WhiteElo "2405"]
[BlackElo "2023"]
[Annotator "TA"]
[PlyCount "103"]
[EventDate "2022.06.13"]
[EventType "swiss"]
[EventCountry "IND"]
[SourceTitle "playchess.com"]
[Source "ChessBase"]
[SourceQuality "1"]
[TimeControl "5400+30"]

1. d4 Nf6 2. c4 e6 3. Nf3 d5 4. Nc3 c5 5. e3 Nc6 6. a3 cxd4 7. exd4 dxc4 8. Bxc4 Be7 9. O-O O-O 10. Bg5 Nd5 11. Bxd5 exd5 12. Bxe7 Nxe7 13. Qb3 b6 14. Rfe1 Be6 {[%emt 0:00:30] [#] E57: Nimzo-Indian: Rubinstein: Main Line: 7...Nc6 8 a3 dxc4 9 Bxc4 cxd4.} 15. h3 $146 ({Predecessor:} 15. Rac1 Rc8 16. Qa4 Rc4 17. Qxa7 Nc6 18. Qa6 Nxd4 19. Ne5 Bc8 20. Qa8 Rc5 21. Qa4 Ne6 22. Rcd1 {1-0 (53) Milanovic,D (2485)-Froewis,G (2455) Austria 2014}) 15... Nc6 16. Rad1 Re8 {[%emt 0:00:30] The position is equal.} 17. Ne5 {[%emt 0:00:30] Pair of Knights!} Na5 18. Qc2 f6 19. Nf3 Rc8 20. Nd2 Qd7 21. Nf1 (21. Re3 $11) 21... Bf5 $17 22. Qd2 {[%emt 0:00:30] [#]} Nb3 $1 23. Qf4 Bc2 24. Ne3 Bxd1 25. Rxd1 Na5 26. Ncxd5 Nc4 27. Nxc4 Rxc4 (27... Qxd5 28. Nd6 $16) 28. Ne3 Qa4 {[%emt 0:00:30][%cal Oe8e3] Hoping for ...Rxe3!} 29. Qg4 Rc7 30. h4 {[%emt 0:00:30] [#]} Qd7 (30... Rce7 $142 $1 {[%cal Of6f5] White must now prevent ...f5!} 31. Qh5 Re4 32. Qd5+ Kh8) 31. Qf4 {[%emt 0:00:30] Inhibits f5.} Rec8 32. d5 Rc1 33. Rxc1 Rxc1+ {[%emt 0:01:00][%mdl 4096] Endgame KQR-KQN} 34. Kh2 Rc8 35. h5 Qe7 (35... Qe8 $17 36. Qg4 Rc7) 36. Nf5 $1 $15 Qd7 (36... Qe2 $11 37. f3 Kh8) 37. Ne3 $17 Qe8 38. Qg4 Rc7 39. g3 Qe5 40. h6 (40. b3 $142) 40... g6 ({Much worse is} 40... Qxb2 $6 41. Qe6+ Rf7 42. Nf5 Qxf2+ 43. Kh3 Qf1+ 44. Kh2 Qf2+ 45. Kh3 Qf1+ 46. Kh2 Qf2+ $11) 41. Qa4 b5 $2 ({Black should play} 41... Kf8 $17 42. Qb4+ Ke8) 42. Qb3 $2 (42. Qxb5 $11 Rc1 43. Nf1) 42... Kf8 $2 (42... Rc1 $19 {( -> ...Qh5+)} 43. Kg2 (43. d6+ $2 Kf8 $19) 43... Qh5 44. d6+ Kf8) 43. Qb4+ Kg8 44. Kg2 a6 45. a4 $1 Rc1 {[%emt 0:00:30] Threatens to win with ...Qh5.} 46. Qd2 $1 Rc8 47. axb5 axb5 48. Qb4 {[%emt 0:00:30] Prevents Qe4+.} Rc1 {[%emt 0:00:30] And now ...Qh5 would win.} 49. Qd2 $1 Qe4+ $2 (49... Ra1 $11 50. Nc2 Ra2) 50. f3 $18 Qb1 51. d6 Rg1+ 52. Kf2 {[%emt 0:00:30] White used his chance.  Weighted Error Value: White=0.25 (precise) /Black=0.42} 1-0